TOP OF THE 1ST |
University of Michigan Wolverines batting - Pitching for Clemson University Tigers : RHP Oscar Alvarado
|
Pitching: RHP Oscar Alvarado
|
|
Batting: RHB Adam Kelliher
|
0-0: Ball 1-0: Foul Ball, location: 2F 1-1: Foul Ball, location: 2F 1-2: Fly out, F7 (Flyball, 78D, EV 99.4 MPH)
|
Batting: SHB Justin Jackson
|
0-0: SINGLE (Line Drive, 89S, EV 93.8 MPH)
|
Batting: RHB Mitch Cuadros
|
0-0: Ball 1-0: Ball 2-0: Called Strike 2-1: Called Strike 2-2: Strikes out swinging
|
Batting: LHB Bill McGregor
|
0-0: Ball 1-0: Ball 2-0: Foul Ball, location: 2F 2-1: Swinging Strike 2-2: Foul Ball, location: 2F 2-2: Ball 3-2: Fly out, F9 (Flyball, 89S, EV 78.8 MPH)
|
Top of the 1st over - 0 runs, 1 hit, 0 errors, 1 left on base; University of Michigan 0 - Clemson University 0 |
BOTTOM OF THE 1ST |
Clemson University Tigers batting - Pitching for University of Michigan Wolverines : RHP Nick Mistretta
|
Pitching: RHP Nick Mistretta
|
|
Batting: SHB Manny Molina
|
0-0: Ball 1-0: Called Strike 1-1: Ball 2-1: Ball 3-1: Base on Balls
|
Batting: RHB Carlos Abrego
|
0-0: Foul Ball, location: 2F 0-1: Ball Manny Molina steals 2nd base 1-1: DOUBLE (Line Drive, 5D, EV 98.1 MPH) Manny Molina scores
|
Batting: LHB Ichiro Toyota
|
0-0: Ball 1-0: Foul Ball, location: 2F 1-1: Foul Ball, location: 2F 1-2: Strikes out looking
|
Batting: RHB Artyom Shavkunov
|
0-0: Swinging Strike 0-1: SINGLE (Groundball, 56D, EV 108.8 MPH) Carlos Abrego to third Runner from 3rd tries for Home, SAFE, throw by LF to home Artyom Shavkunov to second
|
Batting: RHB John Corfield
|
0-0: Ground out 4-3 (Groundball, 4, EV 76.2 MPH) Artyom Shavkunov to third
|
Batting: RHB Wes Reynolds
|
0-0: Called Strike 0-1: Ball 1-1: Swinging Strike 1-2: SINGLE (Flyball, 89S, EV 88.8 MPH) Artyom Shavkunov scores
|
Batting: RHB Bryan Mattis
|
0-0: Ball 1-0: Called Strike 1-1: Ball 2-1: Foul Ball, location: 2F 2-2: SINGLE (Line Drive, 34D, EV 105.0 MPH) Wes Reynolds to second
|
Batting: RHB Phil Reeves
|
0-0: Ball 1-0: Foul Ball, location: 2F 1-1: Called Strike 1-2: Ball 2-2: Ball 3-2: Ground out 5-3 (Groundball, 5, EV 104.4 MPH)
|
Bottom of the 1st over - 3 runs, 4 hits, 0 errors, 2 left on base; University of Michigan 0 - Clemson University 3 |
TOP OF THE 2ND |
University of Michigan Wolverines batting - Pitching for Clemson University Tigers : RHP Oscar Alvarado
|
Batting: RHB Willie Benito
|
0-0: Swinging Strike 0-1: SINGLE (Line Drive, 9LS, EV 108.1 MPH)
|
Batting: RHB Chad Rojas
|
0-0: Ball 1-0: Called Strike 1-1: Foul Ball, location: 2F 1-2: Ball 2-2: Fly out, F8 (Flyball, 8LM, EV 92.5 MPH)
|
Batting: RHB Frank Pena
|
0-0: Ball 1-0: Ball 2-0: Foul Ball, location: 2F 2-1: Ball 3-1: SINGLE (Groundball, 56D, EV 95.0 MPH) Willie Benito to second
|
Batting: RHB Jon Coakley
|
0-0: Ball 1-0: Grounds into double play, 3-6-1 (Groundball, 3, EV 76.2 MPH)
|
Top of the 2nd over - 0 runs, 2 hits, 0 errors, 1 left on base; University of Michigan 0 - Clemson University 3 |
BOTTOM OF THE 2ND |
Clemson University Tigers batting - Pitching for University of Michigan Wolverines : RHP Nick Mistretta
|
Batting: RHB Jake Cox
|
0-0: Called Strike 0-1: Fly out, F7 (Flyball, 7S, EV 85.6 MPH)
|
Batting: SHB Manny Molina
|
0-0: Swinging Strike 0-1: Foul Ball, location: 2F 0-2: Strikes out swinging
|
Batting: RHB Carlos Abrego
|
0-0: Ball 1-0: Ball 2-0: Called Strike 2-1: Ball 3-1: Called Strike 3-2: Base on Balls
|
Batting: LHB Ichiro Toyota
|
0-0: Ball 1-0: Swinging Strike 1-1: Foul Ball, location: 2F 1-2: Ball 2-2: Foul Ball, location: 2F 2-2: Fly out, F6 (Popup, 56D, EV 63.1 MPH)
|
Bottom of the 2nd over - 0 runs, 0 hits, 0 errors, 1 left on base; University of Michigan 0 - Clemson University 3 |
TOP OF THE 3RD |
University of Michigan Wolverines batting - Pitching for Clemson University Tigers : RHP Oscar Alvarado
|
Batting: SHB Corey Penson
|
0-0: Called Strike 0-1: Foul Ball, location: 2F 0-2: Ground out 4-3 (Groundball, 4, EV 86.9 MPH)
|
Batting: RHB Adam Kelliher
|
0-0: Fly out, F9 (Line Drive, 9, EV 93.1 MPH)
|
Batting: SHB Justin Jackson
|
0-0: Ground out 6-3 (Groundball, 6, EV 105.0 MPH)
|
Top of the 3rd over - 0 runs, 0 hits, 0 errors, 0 left on base; University of Michigan 0 - Clemson University 3 |
BOTTOM OF THE 3RD |
Clemson University Tigers batting - Pitching for University of Michigan Wolverines : RHP Nick Mistretta
|
Batting: RHB Artyom Shavkunov
|
0-0: Called Strike 0-1: Ground out U3 (Groundball, 34, EV 101.9 MPH)
|
Batting: RHB John Corfield
|
0-0: Called Strike 0-1: Ball 1-1: SINGLE (Groundball, 4MD, EV 104.4 MPH) (infield hit)
|
Batting: RHB Wes Reynolds
|
0-0: Ball 1-0: SINGLE (Line Drive, 56, EV 106.2 MPH) John Corfield to second
|
Batting: RHB Bryan Mattis
|
0-0: Ball 1-0: Ball 2-0: Grounds into double play, 4-6-3 (Groundball, 4, EV 80.6 MPH)
|
Bottom of the 3rd over - 0 runs, 2 hits, 0 errors, 1 left on base; University of Michigan 0 - Clemson University 3 |
TOP OF THE 4TH |
University of Michigan Wolverines batting - Pitching for Clemson University Tigers : RHP Oscar Alvarado
|
Batting: RHB Mitch Cuadros
|
0-0: Ball 1-0: Foul Ball, location: 2F 1-1: Called Strike 1-2: SOLO HOME RUN (Flyball, 89XD, EV 107.5 MPH), Distance : 427 ft
|
Batting: LHB Bill McGregor
|
0-0: Called Strike 0-1: Ball 1-1: Ball 2-1: TRIPLE (Line Drive, 89XD, EV 111.2 MPH)
|
Batting: RHB Willie Benito
|
0-0: Foul Ball, location: 2F 0-1: Called Strike 0-2: Ball 1-2: SINGLE (Flyball, 89S, EV 93.1 MPH) Bill McGregor scores
|
Batting: RHB Chad Rojas
|
0-0: Called Strike 0-1: Grounds into double play, 5-4-3 (Groundball, 56S, EV 83.1 MPH)
|
Batting: RHB Frank Pena
|
0-0: Ball 1-0: DOUBLE (Line Drive, 9LD, EV 108.8 MPH)
|
Batting: RHB Jon Coakley
|
0-0: Foul Ball, location: 2F 0-1: Swinging Strike 0-2: Foul Ball, location: 2F 0-2: Strikes out looking
|
Top of the 4th over - 2 runs, 4 hits, 0 errors, 1 left on base; University of Michigan 2 - Clemson University 3 |
BOTTOM OF THE 4TH |
Clemson University Tigers batting - Pitching for University of Michigan Wolverines : RHP Nick Mistretta
|
Batting: RHB Phil Reeves
|
0-0: Foul Ball, location: 2F 0-1: Foul Ball, location: 2F 0-2: Ball 1-2: Foul Ball, location: 2F 1-2: Strikes out swinging
|
Batting: RHB Jake Cox
|
0-0: Called Strike 0-1: Ball 1-1: Foul Ball, location: 2F 1-2: Foul Ball, location: 2F 1-2: Ball 2-2: Ball 3-2: Fly out, F9 (Flyball, 9, EV 91.2 MPH)
|
Batting: SHB Manny Molina
|
0-0: Ball 1-0: Foul Ball, location: 2F 1-1: Ball 2-1: Ball 3-1: Foul Ball, location: 2F 3-2: Ground out 5-3 (Groundball, 56S, EV 70.0 MPH)
|
Bottom of the 4th over - 0 runs, 0 hits, 0 errors, 0 left on base; University of Michigan 2 - Clemson University 3 |
TOP OF THE 5TH |
University of Michigan Wolverines batting - Pitching for Clemson University Tigers : RHP Oscar Alvarado
|
Pitching: LHP Malcolm dejong
|
|
Batting: SHB Corey Penson
|
0-0: Foul Ball, location: 2F 0-1: Swinging Strike 0-2: Foul Ball, location: 2F 0-2: Foul Ball, location: 2F 0-2: Ball 1-2: Ball 2-2: Foul Ball, location: 2F 2-2: Ground out 5-3 (Groundball, 56, EV 83.1 MPH)
|
Batting: RHB Adam Kelliher
|
0-0: Fly out, F1 (Line Drive, P, EV 70.0 MPH)
|
Batting: SHB Justin Jackson
|
0-0: Called Strike 0-1: Ball 1-1: SOLO HOME RUN (Flyball, 78XD, EV 114.4 MPH), Distance : 433 ft
|
Batting: RHB Mitch Cuadros
|
0-0: Ball 1-0: Foul Ball, location: 2F 1-1: Called Strike 1-2: Ball 2-2: Foul Ball, location: 2F 2-2: Ball 3-2: SINGLE (Groundball, 6D, EV 96.2 MPH)
|
Batting: LHB Bill McGregor
|
0-0: Swinging Strike 0-1: Ball 1-1: Ball 2-1: Called Strike 2-2: Foul Ball, location: 2F 2-2: Ball 3-2: SINGLE (Groundball, 4M, EV 107.5 MPH) (infield hit) Mitch Cuadros to second
|
Batting: RHB Willie Benito
|
0-0: Called Strike 0-1: Ball 1-1: SINGLE (Flyball, 6D, EV 83.1 MPH) Mitch Cuadros to third Bill McGregor to second
|
Batting: RHB Chad Rojas
|
0-0: Called Strike 0-1: Ball 1-1: Ball 2-1: Ground out 4-3 (Groundball, 34, EV 100.0 MPH)
|
Top of the 5th over - 1 run, 4 hits, 0 errors, 3 left on base; University of Michigan 3 - Clemson University 3 |
BOTTOM OF THE 5TH |
Clemson University Tigers batting - Pitching for University of Michigan Wolverines : RHP Nick Mistretta
|
Pitching: RHP Jordan Amaker
|
|
Batting: RHB Carlos Abrego
|
0-0: SINGLE (Line Drive, 8LS, EV 100.0 MPH)
|
Batting: LHB Ichiro Toyota
|
0-0: Ball 1-0: Foul Ball, location: 2F 1-1: Foul Ball, location: 2F 1-2: Ball 2-2: Ball 3-2: Base on Balls Carlos Abrego to second
|
Batting: RHB Artyom Shavkunov
|
0-0: Ball 1-0: Foul Ball, location: 2F 1-1: DOUBLE (Line Drive, 9LM, EV 95.0 MPH) Carlos Abrego scores Ichiro Toyota to third
|
Batting: RHB John Corfield
|
0-0: Called Strike 0-1: Foul Ball, location: 2F 0-2: Strikes out swinging
|
Batting: RHB Wes Reynolds
|
0-0: Called Strike 0-1: Ball 1-1: DOUBLE (Line Drive, 9LS, EV 98.1 MPH) Ichiro Toyota scores Artyom Shavkunov scores
|
Pitching: LHP Darius Brown
|
|
Batting: RHB Bryan Mattis
|
0-0: Ground out 6-3 (Groundball, 56D, EV 93.1 MPH)
|
Batting: RHB Phil Reeves
|
0-0: Called Strike 0-1: Ball 1-1: Swinging Strike 1-2: Ground out 4-3 (Groundball, 4, EV 88.8 MPH)
|
Bottom of the 5th over - 3 runs, 3 hits, 0 errors, 1 left on base; University of Michigan 3 - Clemson University 6 |
TOP OF THE 6TH |
University of Michigan Wolverines batting - Pitching for Clemson University Tigers : LHP Malcolm dejong
|
Batting: RHB Frank Pena
|
0-0: Called Strike 0-1: Ball 1-1: SINGLE (Line Drive, 89M, EV 94.4 MPH)
|
Batting: RHB Jon Coakley
|
0-0: Fly out, F7 (Line Drive, 7, EV 89.4 MPH)
|
Batting: SHB Corey Penson
|
0-0: Ball 1-0: Ball 2-0: Foul Ball, location: 2F 2-1: Ball 3-1: Called Strike 3-2: Foul Ball, location: 2F 3-2: Strikes out swinging
|
Pitching: RHP Luis Castro
|
|
Pinch Hitting: RHB Robert Wright
|
0-0: Ball 1-0: Ball 2-0: Fly out, F8 (Flyball, 8RD, EV 103.1 MPH)
|
Top of the 6th over - 0 runs, 1 hit, 0 errors, 1 left on base; University of Michigan 3 - Clemson University 6 |
BOTTOM OF THE 6TH |
Clemson University Tigers batting - Pitching for University of Michigan Wolverines : LHP Darius Brown
|
Now at 3B: Robert Wright
|
|
Batting: RHB Jake Cox
|
0-0: Ball 1-0: Foul Ball, location: 2F 1-1: Called Strike 1-2: DOUBLE (Flyball, 89XD, EV 92.5 MPH)
|
Pinch Hitting: RHB J.J. Basil
|
0-0: Ball 1-0: Ball 2-0: Called Strike 2-1: Ball 3-1: Foul Ball, location: 2F 3-2: 2-RUN HOME RUN (Flyball, 7LD, EV 95.0 MPH), Distance : 384 ft
|
Pinch Hitting: RHB Wami Benthami
|
0-0: Fly out, F9 (Line Drive, 9D, EV 95.6 MPH)
|
Pinch Hitting: LHB Bill Ford
|
0-0: Ball 1-0: Ball 2-0: Swinging Strike 2-1: SINGLE (Flyball, 5D, EV 83.1 MPH)
|
Batting: RHB Artyom Shavkunov
|
0-0: Ball Passed Ball! Bill Ford to second 1-0: SINGLE (Line Drive, 89S, EV 100.6 MPH) Bill Ford to third
|
Pinch Hitting: RHB Yamashita Yagi
|
0-0: Swinging Strike 0-1: Swinging Strike 0-2: Ball 1-2: Foul Ball, location: 2F 1-2: Foul Ball, location: 2F 1-2: Ball 2-2: Ball 3-2: Strikes out looking
|
Pitching: LHP Shi-yu Lou
|
|
Batting: RHB Kevin Trull
|
0-0: Called Strike 0-1: Called Strike 0-2: Foul Ball, location: 2F 0-2: SINGLE (Groundball, 5, EV 101.9 MPH) Bill Ford scores Artyom Shavkunov to second
|
Pinch Hitting: RHB Daniel Jackson
|
0-0: Ball 1-0: Fielders Choice at 2nd, 5-4 (Groundball, 5, EV 86.2 MPH)
|
Bottom of the 6th over - 3 runs, 5 hits, 0 errors, 2 left on base; University of Michigan 3 - Clemson University 9 |
TOP OF THE 7TH |
University of Michigan Wolverines batting - Pitching for Clemson University Tigers : RHP Luis Castro
|
Now at 1B: Yamashita Yagi
|
|
Now at 3B: Wami Benthami
|
|
Now at SS: J.J. Basil
|
|
Now in LF: Daniel Jackson
|
|
Now in CF: Bill Ford
|
|
Pinch Hitting: RHB Xiao-shuang Au
|
0-0: Called Strike 0-1: Swinging Strike 0-2: Ball 1-2: Strikes out swinging
|
Batting: RHB Ray Insley
|
0-0: Ball 1-0: Called Strike 1-1: Fly out, F7 (Flyball, 7D, EV 101.9 MPH)
|
Pinch Hitting: RHB Alfredo Sena
|
0-0: Ball 1-0: Swinging Strike 1-1: Called Strike 1-2: Ball 2-2: Strikes out swinging
|
Top of the 7th over - 0 runs, 0 hits, 0 errors, 0 left on base; University of Michigan 3 - Clemson University 9 |
BOTTOM OF THE 7TH |
Clemson University Tigers batting - Pitching for University of Michigan Wolverines : LHP Shi-yu Lou
|
Now at 2B: Xiao-shuang Au
|
|
Now in CF: Alfredo Sena
|
|
Batting: RHB Phil Reeves
|
0-0: Ball 1-0: Ball 2-0: Fly out, F8 (Flyball, 8LD, EV 98.8 MPH)
|
Batting: RHB Jake Cox
|
0-0: Ball 1-0: Fly out, F7 (Flyball, 7D, EV 84.4 MPH)
|
Batting: RHB J.J. Basil
|
0-0: Ball 1-0: Swinging Strike 1-1: Ground out 6-3 (Groundball, 6, EV 84.4 MPH)
|
Bottom of the 7th over - 0 runs, 0 hits, 0 errors, 0 left on base; University of Michigan 3 - Clemson University 9 |
TOP OF THE 8TH |
University of Michigan Wolverines batting - Pitching for Clemson University Tigers : RHP Luis Castro
|
Pinch Hitting: SHB Bill Ertl
|
0-0: Ball 1-0: Called Strike 1-1: DOUBLE (Line Drive, 9LS, EV 88.8 MPH)
|
Pinch Hitting: LHB Mark Backstrom
|
0-0: Called Strike 0-1: Foul Ball, location: 2F 0-2: Ground out 4-3 (Groundball, 4, EV 110.6 MPH) Bill Ertl to third
|
Pinch Hitting: LHB Josh Pittman
|
0-0: Ball 1-0: Ball 2-0: 2-RUN HOME RUN (Flyball, 89XD, EV 99.4 MPH), Distance : 414 ft
|
Batting: RHB Jon Coakley
|
0-0: Ball 1-0: Ball 2-0: Called Strike 2-1: Swinging Strike 2-2: Strikes out swinging
|
Batting: SHB Corey Penson
|
0-0: Foul Ball, location: 2F 0-1: Ball 1-1: Swinging Strike 1-2: Foul Ball, location: 2F 1-2: Strikes out swinging
|
Top of the 8th over - 2 runs, 2 hits, 0 errors, 0 left on base; University of Michigan 5 - Clemson University 9 |
BOTTOM OF THE 8TH |
Clemson University Tigers batting - Pitching for University of Michigan Wolverines : LHP Shi-yu Lou
|
Now at 2B: Bill Ertl
|
|
Now at SS: Xiao-shuang Au
|
|
Now in LF: Josh Pittman
|
|
Now in RF: Mark Backstrom
|
|
Batting: RHB Wami Benthami
|
0-0: Fly out, F9 (Line Drive, 9, EV 91.2 MPH)
|
Batting: LHB Bill Ford
|
0-0: Called Strike 0-1: Ground out 4-3 (Groundball, 4, EV 86.2 MPH)
|
Batting: RHB Artyom Shavkunov
|
0-0: Foul Ball, location: 2F 0-1: Ball 1-1: Swinging Strike 1-2: SINGLE (Groundball, 56D, EV 104.4 MPH)
|
Batting: RHB Yamashita Yagi
|
0-0: Called Strike 0-1: Foul Ball, location: 2F 0-2: Ball 1-2: Foul Ball, location: 2F 1-2: Foul Ball, location: 2F 1-2: Foul Ball, location: 2F 1-2: Fly out, F4 (Popup, 34S, EV 72.5 MPH)
|
Bottom of the 8th over - 0 runs, 1 hit, 0 errors, 1 left on base; University of Michigan 5 - Clemson University 9 |
TOP OF THE 9TH |
University of Michigan Wolverines batting - Pitching for Clemson University Tigers : RHP Luis Castro
|
Pitching: LHP Alex Shannon
|
|
Pinch Hitting: RHB Terry Hughes
|
0-0: Called Strike 0-1: Fly out, F8 (Flyball, 8RD, EV 107.5 MPH)
|
Pinch Hitting: RHB Jason Barnes
|
0-0: Ball 1-0: SINGLE (Line Drive, 9LS, EV 98.8 MPH)
|
Batting: RHB Ray Insley
|
0-0: Swinging Strike 0-1: Fly out, F7 (Flyball, 7LM, EV 90.6 MPH)
|
Batting: RHB Alfredo Sena
|
0-0: Ball 1-0: Ball 2-0: Swinging Strike 2-1: Ball Passed Ball! Jason Barnes to second 3-1: Called Strike 3-2: Fly out, F7 (Flyball, 78M, EV 79.4 MPH)
|
Top of the 9th over - 0 runs, 1 hit, 0 errors, 1 left on base; University of Michigan 5 - Clemson University 9 |
|